 Dungeon Crawl Stone Soup version 0.21-a0-529-g8c7b3f5 (webtiles) character file.

9754 kae the Grappler (level 11, -4/109 HPs)
             Began as a Troll Monk on Dec 10, 2017.
             Was a High Priest of Wu Jian.
             Slain by a gargoyle
             ... wielding a +0 flail
              (16 damage)
             ... on level 11 of the Dungeon.
             The game lasted 00:13:52 (8463 turns).

kae the Grappler (Troll Monk)                       Turns: 8463, Time: 00:13:53

Health: -4/109     AC:  8    Str: 21    XL:     11   Next: 27%
Magic:  13/13      EV: 15    Int:  7    God:    Wu Jian [*****.]
Gold:   294        SH:  0    Dex: 20    Spells: 10/10 levels left

rFire    . . .     SeeInvis .     - Unarmed
rCold    . . .     Gourm    +   (no shield)
rNeg     . . .     Faith    .   u - +0 troll leather armour
rPois    .         Spirit   .   s - +0 hat
rElec    .         Reflect  .   v - +0 cloak "Uryru" {MR+ Dex+6}
rCorr    .         Harm     .   (gloves unavailable)
MR       +....                  (boots unavailable)
Stlth    ++........             p - amulet of rage
HPRegen  1.08/turn              (no ring)
MPRegen  0.13/turn              (no ring)

@: very slightly contaminated, invisible
A: large, unfitting armour, claws 3, fast metabolism 3, gourmand, regeneration
1, shaggy fur 1, tough skin 2
a: Serpent's Lash, Heavenly Storm, Renounce Religion, Evoke Berserk Rage


You were on level 11 of the Dungeon.
You worshipped Wu Jian.
Wu Jian was extremely pleased with you.
You were not hungry.

You visited 2 branches of the dungeon, and saw 12 of its levels.

You collected 551 gold pieces.
You spent 257 gold pieces at shops.

Inventory:

Armour
 s - a +0 hat (worn)
 u - a +0 troll leather armour (worn)
 v - the +0 cloak "Uryru" (worn) {MR+ Dex+6}
   (You bought it in a shop on level 8 of the Dungeon)

   It affects your dexterity (+6).
   It affects your resistance to hostile enchantments.
Jewellery
 p - an amulet of rage (around neck)
Wands
 r - a wand of paralysis (14)
 w - a wand of random effects (25)
 x - a wand of iceblast (10)
Scrolls
 e - a scroll of fear
 h - 3 scrolls of remove curse
 i - 4 scrolls of identify
 k - a scroll of magic mapping
 y - a scroll of amnesia
 A - a scroll of teleportation
Potions
 a - a potion of berserk rage
 c - a potion of cancellation
 f - 2 potions of flight
 g - 2 potions of lignification
 j - a potion of might
 l - 2 potions of invisibility
 m - a potion of haste
 o - a potion of agility
 t - a potion of curing
 z - a potion of heal wounds
Comestibles
 b - 9 bread rations
 d - 5 meat rations
 n - 8 royal jellies
 q - 8 fruits


   Skills:
 + Level 7.5 Fighting
 + Level 7.5 Dodging
 - Level 1.0 Stealth
 * Level 12.1 Unarmed Combat
 + Level 4.1 Evocations


You had 10 spell levels left.
You didn't know any spells.

Dungeon Overview and Level Annotations

Branches:
Dungeon (11/15)            Temple (1/1) D:4            Lair (0/6) D:9
    Orc: D:9-12

Altars:
Ashenzari
Cheibriados
Dithmenos
Elyvilon
Fedhas
Gozag
Hepliaklqana
Kikubaaqudgha
Makhleb
Nemelex Xobeh
Okawaru
Qazlal
Ru
Sif Muna
Trog
Uskayaw
Vehumet
Wu Jian
Xom
Yredelemnul
Zin
The Shining One

Shops:
D:8 [=(*


Innate Abilities, Weirdness & Mutations

You are too large for most types of armour.
You have claws for hands.
Your metabolism is lightning-fast.
You like to eat raw meat.
Your natural rate of healing is unusually fast.
You are covered in fur. (AC +1)
You have very tough skin. (AC +2)


Message History

The gargoyle hits you with a flail!!
* * * LOW HITPOINT WARNING * * *
The gargoyle hurls a stone arrow at you.
The stone arrow hits you!
* * * LOW HITPOINT WARNING * * *
You repeatedly attack the gargoyle from above.
You claw the gargoyle!
The gargoyle is severely damaged.
You barely miss the gargoyle.
The gargoyle is severely damaged.
The gargoyle hurls a stone arrow at you.
The stone arrow misses you. The gargoyle barely misses you.
You fade into invisibility!
You are very lightly contaminated with residual magic.
An orc comes into view.
You barely miss the gargoyle.
You claw the gargoyle, but do no damage.
The gargoyle is severely damaged.
The gargoyle hits you with a flail!
You die...

#### ...# #..#
#####..## ### #.
#......##. #.# #..# #
#......#..##.##o.#
#.##......##..9@)..#..
#.........#.##))....#
###.(....###.#..####
#####...#..#.#.....#.
........#.....#.#...#
........#####.....#..#
...<....###########.##
...........##########
..............<....#


You could see a gargoyle and an orc.

Vanquished Creatures
  3 two-headed ogres
  The ghost of kibaces the Skirmisher, a novice DsFi (D:6)
  Psyche (D:9)
  A queen bee (D:10)
  A troll (D:9)
  A polar bear (D:8)
  A hippogriff (D:8)
  A wraith (D:10)
  A hungry ghost (D:9)
  A water moccasin (D:10)
  4 orc warriors
  2 porcupines (D:9)
  2 black bears
  A phantom (D:9)
  6 ice beasts
  4 sky beasts
  6 ogres
  A centaur (D:5)
  A big kobold (D:7)
  5 bullfrogs
  A water moccasin zombie (D:7)
  20 killer bees (D:10)
  4 scorpions
  5 wights (D:10)
  2 howler monkeys
  An electric eel (D:8)
  4 crimson imps
  2 bullfrog zombies
  A jelly (D:10)
  6 hounds
  8 orc priests
  A bullfrog skeleton (D:10)
  13 orc wizards
  A water moccasin simulacrum (D:8)
  4 iguanas
  Natasha (thrice) (D:4)
  3 worker ants
  A bullfrog simulacrum (D:8)
  A hound skeleton (D:8)
  2 worker ant zombies
  A killer bee simulacrum (D:8)
  10 adders
  9 gnolls
  A shadow imp (D:6)
  2 white imps (D:8)
  A worker ant simulacrum (D:8)
  An ufetubus (D:8)
  An ooze (D:2)
  3 adder skeletons
  5 worms
  2 dart slugs
  2 leopard geckos
  27 orcs
  9 giant cockroaches
  6 goblins
  11 hobgoblins
  2 jackals (D:1)
  15 kobolds
  3 quokkas
  3 bats
  4 frilled lizards
  A leopard gecko skeleton (D:6)
  A leopard gecko zombie (D:6)
  2 quokka zombies
  4 rats
  2 fungi (D:9)
255 creatures vanquished.

Vanquished Creatures (others)
  A fungus (D:9)
1 creature vanquished.

Grand Total: 256 creatures vanquished

Notes
Turn   | Place    | Note
-------+----------+-------------------------------------------
     0 | D:1      | kae the Troll Monk began the quest for the Orb.
     0 | D:1      | Reached XP level 1. HP: 22/22 MP: 0/0
   246 | D:1      | Reached XP level 2. HP: 29/29 MP: 1/1
   689 | D:2      | Reached XP level 3. HP: 36/36 MP: 2/2
   708 | D:2      | Found a faded altar of an unknown god.
   740 | D:2      | Reached skill level 4 in Unarmed Combat
   793 | D:2      | Reached XP level 4. HP: 44/44 MP: 3/3
  1266 | D:2      | Found a glowing golden altar of the Shining One.
  1271 | D:2      | Reached XP level 5. HP: 53/53 MP: 4/4
  1463 | D:3      | Found a shadowy altar of Dithmenos.
  1551 | D:2      | Reached skill level 5 in Unarmed Combat
  1703 | D:3      | Reached XP level 6. HP: 56/61 MP: 5/5
  2104 | D:4      | Noticed Natasha
  2178 | D:4      | Killed Natasha
  2272 | D:4      | Found a staircase to the Ecumenical Temple.
  2425 | Temple   | Entered the Ecumenical Temple
  2595 | Temple   | Became a worshipper of the Wu Jian Council
  2595 | Temple   | Reached * piety under Wu Jian
  2595 | Temple   | Reached ** piety under Wu Jian
  2674 | D:4      | Noticed Natasha
  2680 | D:4      | Killed Natasha
  2680 | D:4      | Reached skill level 6 in Unarmed Combat
  2680 | D:4      | Reached XP level 7. HP: 64/68 MP: 6/6
  2705 | D:4      | Noticed Natasha
  2720 | D:4      | Killed Natasha
  2866 | D:5      | Entered Level 5 of the Dungeon
  3363 | D:5      | Reached skill level 7 in Unarmed Combat
  3723 | D:6      | Reached XP level 8. HP: 79/79 MP: 7/7
  4013 | D:6      | Noticed kibaces's ghost (novice DsFi)
  4092 | D:6      | Killed kibaces's ghost
  4092 | D:6      | Reached skill level 5 in Fighting
  4092 | D:6      | Reached skill level 5 in Dodging
  4092 | D:6      | Reached skill level 8 in Unarmed Combat
  4489 | D:7      | Reached *** piety under Wu Jian
  4749 | D:7      | Reached skill level 9 in Unarmed Combat
  4749 | D:7      | Reached XP level 9. HP: 63/88 MP: 8/8
  5268 | D:8      | Found Fiuckerr's General Store.
  5274 | D:8      | Bought a potion of curing for 39 gold pieces
  5581 | D:8      | Found a shadowy altar of Dithmenos.
  5590 | D:8      | Found Dairuack's Jewellery Emporium.
  5649 | D:8      | Reached skill level 1 in Evocations
  5687 | D:8      | Noticed a polar bear
  5688 | D:8      | Noticed a two-headed ogre
  5725 | D:8      | Killed a polar bear
  5725 | D:8      | Reached skill level 10 in Unarmed Combat
  5729 | D:8      | Killed a two-headed ogre
  5729 | D:8      | Reached XP level 10. HP: 46/100 MP: 10/10
  5929 | D:8      | Found Butan's Antique Weapon Emporium.
  5965 | D:8      | Found Imapits's Antique Armour Shoppe.
  5979 | D:8      | Bought a slimy cloak for 218 gold pieces
  5984 | D:8      | Identified the +0 cloak "Uryru" {MR+ Dex+6} (You bought it in a shop on level 8 of the Dungeon)
  6195 | D:8      | Noticed a two-headed ogre
  6208 | D:8      | Killed a two-headed ogre
  6573 | D:9      | Noticed Psyche
  6585 | D:9      | Killed Psyche
  6585 | D:9      | Reached skill level 11 in Unarmed Combat
  6789 | D:9      | Reached **** piety under Wu Jian
  6869 | D:9      | Found a staircase to the Lair.
  7002 | D:10     | Entered Level 10 of the Dungeon
  7072 | D:10     | HP: 3/102 [wraith (12)]
  7301 | D:10     | Reached XP level 11. HP: 94/109 MP: 12/12
  8439 | D:11     | Reached ***** piety under Wu Jian
  8452 | D:11     | Noticed a two-headed ogre
  8458 | D:11     | Killed a two-headed ogre
  8458 | D:11     | Reached skill level 12 in Unarmed Combat
  8463 | D:11     | Slain by a gargoyle

Vault maps used:
D:1:      sevenhm_arrival_forest_fort_small_4
D:2:      chequers_ecumenical_altar_island, first_bread,
          nicolae_tso_carved_into_rock
D:3:      nicolae_dithmenos_through_a_glass_darkly
D:4:      minmay_temple_entry_nine_rooms, uniq_natasha
D:5:      kennysheep_generic_room_2
D:7:      grunt_ogre_cave
D:8:      serial_ice, serial_ice_m, serial_ice_n, serial_ice_o, serial_ice_i,
          basic_altar, serial_shops, kennysheep_little_box, shop,
          nicolae_shop_statue_plus, nicolae_shop_temple_entry_statues_fountains
D:9:      grunt_lair_entry_orc_guard_hut, uniq_psyche
D:10:     minivault_7
D:11:     erik_orc_3, serial_shops, kennysheep_mini, minivault_15,
          minmay_misc_feat_cross, uniq_erica
Temple:   kilobyte_greek_temple

Skill      XL: |  1  2  3  4  5  6  7  8  9 10 11 |
---------------+----------------------------------+-----
Unarmed Combat | 4 5 6 7 9 10 11 12 | 12.1
Dodging        | 3 4 5 6 7 |  7.5
Fighting       | 3 4 5 6 7 |  7.5
Evocations     | 2 3 4 |  4.1
Stealth        | |  1.0

Action                   |  1- 3 |  4- 6 |  7- 9 | 10-12 || total
-------------------------+-------+-------+-------+-------++-------
Melee: Unarmed           |    82 |   155 |   298 |   288 ||   823
       Punch             |     3 |     4 |    12 |    19 ||    38
Invok: Serpent's Lash    |       |       |     2 |       ||     2
 Abil: Evoke Berserk Rag |       |       |     3 |     1 ||     4
  Use: Scroll            |       |     7 |    10 |     3 ||    20
       Potion            |       |     1 |     1 |     3 ||     5
 Stab: Sleeping          |     2 |     3 |     5 |     3 ||    13
       Distracted        |       |     1 |     1 |     1 ||     3
       Invisible         |       |       |       |     1 ||     1
  Eat: Chunk             |    12 |    16 |    34 |    22 ||    84
Armor: Robe              |    23 |    38 |    53 |     8 ||   122
       Troll leather arm |       |       |       |    45 ||    45
Dodge: Dodged            |    28 |    74 |   146 |   185 ||   433

Table legend:
 A = Spawn XP
 B = Non-spawn XP
 C = Spawn XP percentage of total XP
 D = Spawn monster count
 E = Non-spawn monster count
 F = Spawn count percentage of total count
 G = Total turns spent on level
                    A         B        C        D         E        F      G
               +---------+---------+-------+---------+---------+-------+---------
         Total |       0 |   13935 |   0.0 |       0 |     253 |   0.0 |  8463
               +---------+---------+-------+---------+---------+-------+---------
           D:1 |       0 |      35 |   0.0 |       0 |      18 |   0.0 |   686
           D:2 |       0 |     208 |   0.0 |       0 |      30 |   0.0 |   764
           D:3 |       0 |     137 |   0.0 |       0 |      16 |   0.0 |   387
           D:4 |       0 |     484 |   0.0 |       0 |      26 |   0.0 |   820
           D:5 |       0 |     499 |   0.0 |       0 |      15 |   0.0 |   672
           D:6 |       0 |    1134 |   0.0 |       0 |      18 |   0.0 |   865
           D:7 |       0 |     906 |   0.0 |       0 |      27 |   0.0 |   860
           D:8 |       0 |    3648 |   0.0 |       0 |      29 |   0.0 |  1250
           D:9 |       0 |    2376 |   0.0 |       0 |      21 |   0.0 |   523
          D:10 |       0 |    3416 |   0.0 |       0 |      49 |   0.0 |  1386
          D:11 |       0 |    1092 |   0.0 |       0 |       4 |   0.0 |    41
               +---------+---------+-------+---------+---------+-------+---------
